[Event "*** Titled Tuesday Blitz"]
[Site "Chess.com"]
[Date "2019.05.07"]
[Round "2"]
[White "DrMelekess"]
[Black "GukeshDommaraju"]
[Result "1-0"]
[WhiteElo "2773"]
[BlackElo "2626"]
[TimeControl "180+2"]
[EndTime "13:24:32 PDT"]
[Termination "DrMelekess won by resignation"]

1. d4 Nf6 2. Nf3 g6 3. Nbd2 d5 4. e3 Bg7 5. b4 O-O 6. c4 Nbd7 7.
a4 e5 8. dxe5 Ng4 9. Ra3 Ndxe5 10. h3 Nxf3+ 11. Nxf3 Nf6 12. Be2 a5 13. bxa5 Rxa5 14.
O-O dxc4 15. Qxd8 Rxd8 16. Bxc4 Ne4 17. Bd3 Nc3 18. Nd4 Nxa4 19. Bd2 Ra8 20. Rfa1 c5 21.
Rxa4 Rxa4 22. Rxa4 cxd4 23. e4 Bd7 24. Ra7 Bc6 25. f4 Bf8 26. Kf2 Bc5 27. Ra1 b6 28. e5 Ra8 29. Rxa8+ Bxa8 30. g4 Bd5 31. f5 Kf8 32. Kg3 Ke8 33. Kf4 Bc6 34. Kg5 b5 35. Kh6 b4 36. Kxh7 gxf5 37. gxf5 b3 38. h4 b2 39. h5 Bb5 40. Bxb5+ 1-0

[Event "*** Titled Tuesday Blitz"]
[Site "Chess.com"]
[Date "2019.05.07"]
[Round "2"]
[White "KazakhFighter04"]
[Black "Divertissement"]
[Result "1/2-1/2"]
[WhiteElo "2658"]
[BlackElo "2679"]
[TimeControl "180+2"]
[EndTime "13:24:37 PDT"]
[Termination "Game drawn by repetition"]

1. e4 c6 2. Nf3 d5 3. exd5 cxd5 4. Ne5 Nc6 5. d4 Nf6 6. c3 g6 7. Nd2 Bg7 8. Ndf3 O-O 9. Bd3 Ne8 10. O-O Nd6 11. Re1 Bf5 12. Bxf5 Nxf5 13. Qb3 Na5 14. Qc2 Rc8 15. Nd3 Nxd4 16. Nxd4 Bxd4 17. Qe2 Bf6 18.
Bh6 Re8 19. Rad1 e6 20. Ne5 Bg7 21. Qe3 Nc4 22. Nxc4 Rxc4 23. Bxg7 Kxg7 24. Qxa7 Qa8 25. Qb6 Rec8 26. a3 R8c6 27. Qb3 Qa4 28. Qa2 Rb6 29. Rd2 Rb3 30. Qa1 Rc6 31. Qd1 Rcb6 32. Qe2 Qf4 33.
g3 Qd6 34. h4 h5 35. c4 d4 36. Qe4 Rxb2 37. Rxd4 Qc5 38. Re3 Rd6 39. Rxd6 Qxd6 40. Rf3 Qd1+ 41. Kg2 Rb1 42. Qe5+ Kg8 43. Qb8+ Kg7 44. Qe5+ Kg8 45. Qb8+ Kg7 46. Qe5+ 1/2-1/2

[Event "*** Titled Tuesday Blitz"]
[Site "Chess.com"]
[Date "2019.05.07"]
[Round "2"]
[White "AliKa2810"]
[Black "StoreySniper"]
[Result "1-0"]
[WhiteElo "2500"]
[BlackElo "2416"]
[TimeControl "180+2"]
[EndTime "13:24:38 PDT"]
[Termination "AliKa2810 won on time"]

1. e4 g6 2. d4 Bg7 3. Nc3 c5 4. d5 d6 5. Nf3 Nf6 6. Be2 O-O 7. O-O Bg4 8. Nd2 Bxe2 9. Qxe2 a6 10. a4 b6 11. Nc4 Nbd7 12. h3 Ne8 13. Bg5 Nc7 14. Bh4 Rb8 15. Nxd6 g5 16. Bxg5 f6 17. Bf4 exd6 18.
Bxd6 Re8 19. Bxc7 Qxc7 20. Qxa6 Ne5 21. Qe2 Ng6 22. Qg4 Kh8 23. f4 Rg8 24. Rae1 Bh6 25. Nb5 Qd8 26. Qf5 Nh4 27. Qh5 Nxg2 28. Qxh6 Nxe1+ 29. Kh1 Nxc2 30. e5 Ne3 31. Nd6 Qf8 32. Qh5 Nxf1 33. Nf7+ Qxf7 34. Qxf7 Ng3+ 35. Kh2 Rbf8 36. Qc7 Nf1+ 37. Kh1 Rg7 38. Qd6 Ng3+ 39. Kh2 Ne4 40. Qxf8+ Rg8 41. Qh6 Ng3 42. Qxf6+ Rg7 43. Qxg7+ Kxg7 44. Kxg3 1-0

[Event "*** Titled Tuesday Blitz"]
[Site "Chess.com"]
[Date "2019.05.07"]
[Round "2"]
[White "volcanoexplorer"]
[Black "Gentlejimmy7"]
[Result "0-1"]
[WhiteElo "2621"]
[BlackElo "2456"]
[TimeControl "180+2"]
[EndTime "13:24:42 PDT"]
[Termination "Gentlejimmy7 won by resignation"]

1. e4 e5 2. Nf3 Nc6 3. Bc4 Bc5 4.
O-O d6 5. c3 Bb6 6. d4 Qe7 7.
Re1 Nf6 8. Qd3 O-O 9. h3 a6 10. Bg5 Na5 11. Nbd2 c6 12. b4 Nxc4 13. Nxc4 Bc7 14. Ne3 h6 15. Bh4 Qe6 16. d5 cxd5 17.
exd5 Qe7 18. Nf5 Bxf5 19. Qxf5 Qd7 20. Qc2 Nh7 21. c4 f5 22. Bg3 f4 23. Bh2 Qf5 24. Qxf5 Rxf5 25. c5 g5 26. Nd2 Nf6 27. Nc4 dxc5 28.
d6 b5 29. dxc7 bxc4 30. Rad1 Nh5 31. Rd8+ Rf8 32. Rxa8 Rxa8 33. Rd1 c3 34. Rd8+ Kf7 35. c8=Q Rxc8 36. Rxc8 cxb4 37. a3 a5 38. Kf1 Nf6 39. Ke2 Ne4 40. f3 bxa3 41. Rc7+ Ke6 42. Ra7 c2 43. Ra6+ Kd7 44. Ra7+ Kc8 45. fxe4 c1=Q 46.
Kf3 Qe3+ 47. Kg4 Qxa7 0-1

[Event "*** Titled Tuesday Blitz"]
[Site "Chess.com"]
[Date "2019.05.07"]
[Round "2"]
[White "Mimsychess"]
[Black "Firouzja2003"]
[Result "0-1"]
[WhiteElo "2352"]
[BlackElo "3060"]
[TimeControl "180+2"]
[EndTime "13:24:44 PDT"]
[Termination "Firouzja2003 won by resignation"]

1. e4 e6 2. d4 d5 3. Nc3 Nf6 4. e5 Nfd7 5. f4 c5 6. Nf3 Nc6 7. Be3 Be7 8. Qd2 O-O 9. dxc5 Qa5 10. O-O-O b6 11. Kb1 bxc5 12. Nb5 Qb6 13. c4 d4 14. Bf2 a6 15. Nd6 Bxd6 16. exd6 Qb8 17. Bd3 Qxd6 18. Ng5 h6 19. Ne4 Qe7 20. g4 Bb7 21. Rhg1 Nb4 22. g5 Nxd3 23. Qxd3 h5 24. g6 f5 25. Ng5 Qxg5 26. Rxg5 Be4 27. Rxh5 Nf6 28. Rh4 Bxd3+ 29. Rxd3 Ng4 30. Rdh3 Nh6 31. Rh5 Rf6 32. Rg5 Re8 33. Bh4 e5 34. Rg1 Rc6 35. fxe5 Rxe5 36. Rb3 Re8 37. Rb7 Ng4 38. Bg5 Rxg6 39.
Bf4 Rge6 40. h3 Re1+ 41. Rxe1 Rxe1+ 42. Kc2 Nf6 43. Rc7 Ne4 44. Be5 g5 45. b4 Re2+ 46. Kd1 d3 47. Rd7 Rxa2 48. b5 axb5 49. cxb5 c4 50.
b6 c3 51. Bxc3 Nxc3+ 52. Ke1 Rb2 53. b7 d2+ 0-1

[Event "*** Titled Tuesday Blitz"]
[Site "Chess.com"]
[Date "2019.05.07"]
[Round "2"]
[White "pedro_gines"]
[Black "Taron_Shagbazyan"]
[Result "0-1"]
[WhiteElo "2349"]
[BlackElo "2731"]
[TimeControl "180+2"]
[EndTime "13:24:46 PDT"]
[Termination "Taron_Shagbazyan won on time"]

1. d4 Nf6 2. Nf3 e6 3. g3 b6 4. Bg2 Bb7 5. O-O c5 6. c4 cxd4 7. Nxd4 Bxg2 8. Kxg2 Qc8 9. b3 Na6 10. Bb2 Be7 11. Nc3 Qb7+ 12. Kg1 Rd8 13. e4 Nxe4 14. Qg4 f5 15. Nxf5 exf5 16. Qxg7 Bf6 17. Nxe4 Bxg7 18.
Nd6+ Ke7 19. Nxb7 Bxb2 20. Rae1+ Kf6 21. Nxd8 Rxd8 22. Rd1 Nc5 23. Rfe1 Be5 24. Rd5 Bc7 25. b4 Ne6 26. Red1 d6 27. Kg2 Rg8 28. Kf3 a5 29. bxa5 bxa5 30. Rb5 Nc5 31. h3 h5 32. Rd5 Re8 33.
Rb2 Re4 34. Rc2 a4 35. h4 Ne6 36. Rc3 Nc5 37. Kg2 Re1 38. Rf3 Re5 39. Rxe5 dxe5 40.
Rc3 e4 41. f3 Ke5 42. fxe4 fxe4 43. g4 hxg4 44. h5 Kf5 45. Rc1 Kg5 46. Rd1 Nd3 47.
Rh1 Nf4+ 48. Kf2 Bb6+ 49. Ke1 Nxh5 50. Kd2 g3 51. Rb1 g2 52. Rb5+ Kh4 0-1

[Event "*** Titled Tuesday Blitz"]
[Site "Chess.com"]
[Date "2019.05.07"]
[Round "2"]
[White "mitrabhaa"]
[Black "RzayevB"]
[Result "0-1"]
[WhiteElo "2645"]
[BlackElo "2704"]
[TimeControl "180+2"]
[EndTime "13:24:50 PDT"]
[Termination "RzayevB won by resignation"]

1. Nf3 Nc6 2. g3 e5 3. Bg2 e4 4. Ng1 d5 5. d3 exd3 6. cxd3 Nf6 7. Nf3 Be7 8. O-O O-O 9. b3 a5 10. a3 Bf5 11. Bb2 Qd7 12. Nbd2 Bh3 13. Qc2 Bxg2 14. Kxg2 Rfe8 15. Rfc1 h6 16. e3 Ra6 17. h3 Bd8 18.
Nd4 Ne5 19. N2f3 Ng6 20. Ne2 h5 21. h4 Ng4 22. Qd2 Bf6 23. Ned4 a4 24. b4 Rd6 25. Rc2 c6 26. Rc5 Bd8 27. b5 Rf6 28. bxc6 bxc6 29.
Rac1 Bb6 30. R5c2 N6e5 31. Nxe5 Rxe5 32. Nf3 Rxf3 33. Kxf3 Rf5+ 34. Kg2 Rxf2+ 35. Qxf2 Nxf2 36. Kxf2 Qf5+ 37. Ke2 Qg4+ 38. Kf2 Qf5+ 39. Ke2 Qh3 40. Kf3 Bc7 41. Rg1 Qg4+ 42. Kf2 Qg6 43. Ke2 Qe6 44. Bd4 f6 45. Kd2 Kf7 46. Rb2 Kg6 47. Rb7 Bd6 48.
Ra7 c5 49. Bc3 d4 50. exd4 Qa2+ 51. Ke3 Qc2 52. Be1 cxd4+ 53. Ke4 Qc6+ 0-1

[Event "*** Titled Tuesday Blitz"]
[Site "Chess.com"]
[Date "2019.05.07"]
[Round "2"]
[White "wonderfultime"]
[Black "VSERGUEI"]
[Result "1-0"]
[WhiteElo "2937"]
[BlackElo "2579"]
[TimeControl "180+2"]
[EndTime "13:24:51 PDT"]
[Termination "wonderfultime won on time"]

1. d4 d5 2. Nf3 Nf6 3. Bf4 c5 4. c3 cxd4 5. cxd4 Nc6 6. Nc3 Nh5 7. Be5 e6 8. e3 Be7 9. Bd3 Bd7 10. h3 Nxe5 11.
Nxe5 Nf6 12. Qb3 Rb8 13. O-O O-O 14. Rac1 Qa5 15. Rc2 b5 16. Ne2 Rfd8 17. Rfc1 Be8 18. Nc6 Bxc6 19. Rxc6 Bd6 20. a3 g6 21. Qc3 b4 22. Qd2 Kg7 23. Ra6 Ne4 24. Qe1 Qxa6 25.
Bxa6 bxa3 26. bxa3 Bxa3 27. Rb1 Rxb1 28. Qxb1 Rd6 29.
Bd3 Rb6 30. Qa2 Bd6 31. Qxa7 Rb3 32. Bxe4 dxe4 33. g3 h5 34. h4 Rb1+ 35. Kg2 Bb4 36. Qa2 Re1 37. Nf4 Bd6 38. Qc2 Bxf4 39. gxf4 Ra1 40.
Qxe4 Ra5 41. Qc6 Rf5 42. Kg3 Rd5 43. Qb6 Rd7 44. e4 Kg8 45. Qc5 Kg7 46. Kf3 Rb7 47.
d5 exd5 48. exd5 Rb3+ 49. Ke4 Rb1 50. d6 Rd1 51. Qc7 Kf6 52. Qe7+ Kg7 53. Kf3 Rd3+ 54. Kg2 Rd5 55. d7 Rf5 56. d8=Q Kh7 57. Qef8 g5 58. Qh8+ 1-0

[Event "*** Titled Tuesday Blitz"]
[Site "Chess.com"]
[Date "2019.05.07"]
[Round "2"]
[White "mikhaillushenkov"]
[Black "Veiso"]
[Result "1-0"]
[WhiteElo "2763"]
[BlackElo "2354"]
[TimeControl "180+2"]
[EndTime "13:25:00 PDT"]
[Termination "mikhaillushenkov won on time"]

1. Nf3 c5 2. c4 Nf6 3. Nc3 Nc6 4. d4 g6 5. d5 Nb8 6. e4 d6 7. h3 Bg7 8. Bd3 O-O 9. Bf4 Na6 10. a3 Nc7 11. Qd2 a6 12. b4 b6 13. Rb1 e6 14.
O-O exd5 15. exd5 Re8 16. Rfe1 Rxe1+ 17. Rxe1 Qf8 18. Ng5 Bd7 19. Nge4 Nxe4 20. Nxe4 Ne8 21. bxc5 bxc5 22. Rb1 Bf5 23. Ng3 Bxd3 24. Qxd3 Qe7 25. Ne4 Be5 26. Bg5 f6 27. Bd2 Qc7 28. Qb3 Bd4 29.
Qb7 Qxb7 30. Rxb7 f5 31. Ng5 Nf6 32. Ne6 Ne4 33. Be1 a5 34. a4 Bc3 35. Kf1 Bxe1 36.
Kxe1 Nc3 37. Nc7 Rc8 38. Nb5 Nxa4 39. Nxd6 Ra8 40. Kd2 Ra6 41. Nc8 Ra8 42. Ne7+ Kf8 43. Nc6 Ra6 44. Ne5 Ke8 45. Rxh7 Nb6 46. Rh8+ Ke7 47.
Nc6+ Kd6 48. Kd3 a4 49. Nd8 Ra7 50. Rh6 a3 51. Rxg6+ Kd7 52. Rg7+ Kxd8 53. Rxa7 1-0

[Event "*** Titled Tuesday Blitz"]
[Site "Chess.com"]
[Date "2019.05.07"]
[Round "2"]
[White "Manukyan_Artak"]
[Black "FMJoseHerrera"]
[Result "1-0"]
[WhiteElo "2424"]
[BlackElo "2491"]
[TimeControl "180+2"]
[EndTime "13:25:00 PDT"]
[Termination "Manukyan_Artak won on time"]

1. e4 c5 2. Nf3 e6 3. c3 Qa5 4.
Na3 a6 5. Nc4 Qc7 6. a4 b6 7. d4 d6 8. d5 e5 9. Bd3 Nf6 10. O-O Be7 11. a5 b5 12. Nb6 Ra7 13. Nxc8 Qxc8 14. b4 c4 15. Be2 Nbd7 16. Qc2 Nf8 17. Be3 Ra8 18. h3 Ng6 19. Nd2 O-O 20. Rae1 Kh8 21. Kh2 Rg8 22. g4 h6 23. Rh1 Nh7 24.
Nf3 Qd8 25. Bb6 Qd7 26. Kg3 Nf4 27. h4 Nf6 28. Nh2 g5 29. h5 N6xh5+ 30. Kf3 Nf6 31. Ke3 Ng2+ 32. Kd2 Nxe1 33. Kxe1 h5 34. gxh5 g4 35.
Nf1 Nh7 36. Ng3 Bg5 37. Nf5 Bf4 38. Rg1 Nf6 39. h6 Rg5 40. Qd1 Nxe4 41. Bxg4 Rag8 42. f3 Nxc3 43. Qc2 Rxf5 44. Qxf5 Qxf5 45. Bxf5 Rxg1+ 46. Bxg1 Na2 47. Bb6 Bxh6 48. Bc7 Bf8 49. Bc8 Nxb4 50.
Kd2 Kg7 51. Bd8 f6 52. Bb7 f5 53. Kc3 Na2+ 54. Kb2 Nb4 55. Kc3 Na2+ 56. Kb2 Nb4 57. Kc3 Nd3 58. Bxa6 b4+ 59. Kxc4 b3 60. Kxd3 Kf7 61.
Bc8 Ke8 62. Bg5 f4 63. a6 Bg7 64. a7 e4+ 65. fxe4 1-0

[Event "*** Titled Tuesday Blitz"]
[Site "Chess.com"]
[Date "2019.05.07"]
[Round "2"]
[White "Philosopherrr"]
[Black "LiamVrolijk"]
[Result "1-0"]
[WhiteElo "2518"]
[BlackElo "2446"]
[TimeControl "180+2"]
[EndTime "13:25:01 PDT"]
[Termination "Philosopherrr won by resignation"]

1. e4 e5 2. Nf3 Nc6 3. Bb5 Nf6 4. O-O Nxe4 5. d4 Nd6 6. dxe5 Nxb5 7. a4 Nbd4 8. Nxd4 Nxd4 9. Qxd4 d5 10. Nc3 c6 11.
Qd3 Qd7 12. a5 Qf5 13. Qg3 Qxc2 14. Be3 Qg6 15. Na4 Bf5 16. Nc5 Bxc5 17. Bxc5 Qxg3 18.
hxg3 Bd3 19. Rfd1 Bb5 20. f3 Kd7 21. Kf2 h5 22. Rd4 Ke6 23. Rh1 Bc4 24. b3 Bb5 25. Rdh4 g6 26. Rf4 b6 27. Bd4 c5 28. Rf6+ Ke7 29. Be3 Bd7 30. Bg5 Be6 31. axb6 axb6 32. Rxg6+ Kd7 33. Rg7 Ra2+ 34. Ke3 d4+ 35. Kf4 Rxg2 36.
Ra1 Bxb3 37. Rb1 Be6 38. Rxb6 Rc8 39. Rd6+ Kc7 40. Rxe6 Kb8 41. Rxf7 c4 42. Rb6+ Ka8 43.
Rbb7 Ra2 44. Rfc7 c3 45. Rxc8+ Kxb7 46. Rc4 Rd2 47. Ke4 Rd1 48. Rxd4 c2 49. Rc4 Re1+ 50. Kf5 h4 51. gxh4 1-0

[Event "*** Titled Tuesday Blitz"]
[Site "Chess.com"]
[Date "2019.05.07"]
[Round "2"]
[White "TregubovP"]
[Black "Kangoroo3000"]
[Result "0-1"]
[WhiteElo "2523"]
[BlackElo "2672"]
[TimeControl "180+2"]
[EndTime "13:25:06 PDT"]
[Termination "Kangoroo3000 won by resignation"]

1. d4 d5 2. c4 e6 3. Nc3 Nf6 4.
cxd5 Nxd5 5. e4 Nxc3 6. bxc3 c5 7. Nf3 cxd4 8. cxd4 Bb4+ 9. Bd2 Bxd2+ 10. Qxd2 O-O 11. Bc4 Nd7 12. O-O b6 13. a4 Bb7 14.
Rfe1 Nf6 15. Bd3 Rc8 16. a5 Qc7 17. Qe3 Rfd8 18. h3 h6 19. Rec1 Qe7 20. axb6 axb6 21.
Rab1 Rxc1+ 22. Rxc1 Rc8 23. Rxc8+ Bxc8 24. Ne5 Qc7 25.
Qd2 Bb7 26. f3 Nd7 27. Nc4 Ba6 28. Qb4 Bxc4 29. Bxc4 e5 30. Qb3 exd4 31. Bxf7+ Kf8 32. Bc4 Nc5 33. Qa3 Ke7 34. Bb5 Qd6 35. Bd3 Kf6 36. Kf1 Nxe4 37. Qb2 Nc5 38. Qb5 h5 39. h4 Ke5 40. Ke2 Kf6 41. Bc4 Ne6 42. Kf1 Nc5 43. Ke2 g6 44. Bd3 Qe6+ 45. Kf1 Qb3 46. Qxb3 Nxb3 47.
Bc4 Nd2+ 0-1

[Event "*** Titled Tuesday Blitz"]
[Site "Chess.com"]
[Date "2019.05.07"]
[Round "2"]
[White "evgenyermolaev"]
[Black "HansCoolNiemann"]
[Result "0-1"]
[WhiteElo "2501"]
[BlackElo "2498"]
[TimeControl "180+2"]
[EndTime "13:25:10 PDT"]
[Termination "HansCoolNiemann won by resignation"]

1. e4 e6 2. Nc3 d5 3. d4 Nf6 4.
e5 Nfd7 5. Nf3 c5 6. dxc5 Nc6 7. Bf4 Bxc5 8. Bd3 h6 9. Qe2 a6 10. O-O-O Qa5 11. Kb1 b5 12. Rhe1 Nb6 13. Rc1 Bb7 14. Be3 b4 15. Nd1 d4 16. Bd2 Nd5 17. Be4 Nc3+ 18.
bxc3 bxc3 19. Bf4 Nb4 20. Qc4 Bd5 21. Bxd5 exd5 22. Qb3 O-O 23. e6 fxe6 24. Be5 Nc6 25. Bg3 Rab8 26. Bxb8 Rxb8 27. Rxe6 Rxb3+ 28. cxb3 Nb4 29.
a4 c2+ 30. Rxc2 Nxc2 31. Kxc2 Qb4 32. Ne1 Qb7 33. Nd3 Qc8 34. Re2 Bb4+ 35. Kb2 Bc3+ 36. Kc2 Ba5+ 37. Kb2 Qf5 38. Kc2 Qc8+ 39. Kb1 Kh7 40.
Rc2 Qf5 41. N1b2 Bc3 42. Kc1 Qg5+ 43. f4 Qh4 44. g3 Qh3 45. Rf2 Qe6 46. Ne5 Qb6 47.
Kc2 Ba5 48. Nbd3 Qc7+ 49. Kb2 Qc3+ 50. Ka2 Bc7 51. Rf3 Qc2+ 52. Ka3 a5 0-1

[Event "*** Titled Tuesday Blitz"]
[Site "Chess.com"]
[Date "2019.05.07"]
[Round "2"]
[White "Siemba"]
[Black "annamaja"]
[Result "0-1"]
[WhiteElo "2115"]
[BlackElo "2121"]
[TimeControl "180+2"]
[EndTime "13:25:10 PDT"]
[Termination "annamaja won by resignation"]

1. e4 e6 2. d4 d5 3. Nc3 Nf6 4. Bg5 dxe4 5. Nxe4 Nbd7 6. Nf3 Be7 7. Bxf6 Nxf6 8.
Bd3 Nxe4 9. Bxe4 O-O 10. h4 c5 11. Bxh7+ Kxh7 12. Ng5+ Kh6 13. Qf3 Qd5 14. Nxf7+ Kh7 15. Ng5+ Kh6 16. Nf7+ Kg6 17. h5+ Kh7 18. Qd3+ Qf5 19.
Qxf5+ exf5 20. Ne5 cxd4 21. O-O-O Bf6 22. Ng6 Re8 23. Rhe1 Bd7 24. Rxe8 Bxe8 25. f4 Bxg6 26. hxg6+ Kxg6 27. Rd3 Re8 28. Rg3+ Kf7 29. Kd2 Re4 30. Rf3 g5 31. fxg5 Bxg5+ 32. Kd3 Kf6 33. Rf1 Rg4 34. Rf2 Be3 35. Rf3 Rxg2 36. c3 Rd2+ 37. Kc4 f4 38. cxd4 Rxd4+ 39. Kc3 Rd1 40. Rh3 Kf5 41. Rh7 Ke4 42.
Re7+ Kf3 43. Rxb7 Kf2 44. Kc2 Rd2+ 45. Kc3 f3 46. Re7 Rd5 47. Kc4 Rd6 48. b4 Ke2 49. b5 f2 50. Rf7 f1=Q 51. Rxf1 Kxf1 52. a4 Bb6 53. Kb4 0-1

[Event "*** Titled Tuesday Blitz"]
[Site "Chess.com"]
[Date "2019.05.07"]
[Round "2"]
[White "StephenDedalus83"]
[Black "GCamachoMartinez"]
[Result "1/2-1/2"]
[WhiteElo "2795"]
[BlackElo "2361"]
[TimeControl "180+2"]
[EndTime "13:25:12 PDT"]
[Termination "Game drawn by agreement"]

1. e4 e5 2. Nf3 Nf6 3. Nxe5 d6 4. Nf3 Nxe4 5. d4 d5 6. Bd3 Be7 7. O-O Nc6 8. Re1 Bg4 9. c4 Nf6 10. Nc3 O-O 11. cxd5 Nb4 12. Bc4 Bxf3 13. gxf3 Re8 14. Qb3 a6 15. d6 Qxd6 16. Bxf7+ Kf8 17. Bxe8 Rxe8 18. Be3 b5 19. Ne4 Nxe4 20. fxe4 Qg6+ 21. Kf1 Qxe4 22. Red1 Nc2 23. Rac1 Nxe3+ 24. Qxe3 Qh1+ 25. Ke2 Qxh2 26. Qf3+ Bf6+ 27. Kd3 Qd6 28. Kc2 c5 29. dxc5 Qe5 30. Qc3 Qf5+ 31. Qd3 Re2+ 32. Rd2 Qxd3+ 33. Kxd3 Rxd2+ 34. Kxd2 Bg5+ 35. Kc2 Bxc1 36. Kxc1 h5 37. Kd2 b4 38. Ke3 Ke7 39. Kf4 Ke6 40. Kg5 g6 41.
f4 Kd5 42. Kxg6 h4 43. f5 h3 44. f6 h2 45. f7 h1=Q 46. f8=Q Qg2+ 47. Kh7 Qh3+ 48.
Kg6 Qg4+ 49. Kh6 Qh4+ 50. Kg6 Qg3+ 51. Kh6 Qh2+ 52. Kg6 Qg1+ 53. Kh6 Qe3+ 54. Kg6 Qxc5 55. Qf5+ Kc6 56. Qc8+ Kb6 57. Qb8+ Ka5 58. Qd8+ Qb6+ 59. Qxb6+ Kxb6 60. Kf5 Kc5 61. Ke4 Kc4 62. Ke3 a5 63. Ke4 a4 64. Ke3 a3 65. bxa3 bxa3 66. Kd2 Kd4 67.
Kc2 Kc4 68. Kd2 Kd4 1/2-1/2

[Event "*** Titled Tuesday Blitz"]
[Site "Chess.com"]
[Date "2019.05.07"]
[Round "2"]
[White "GMJimKnopf"]
[Black "kacprekt"]
[Result "0-1"]
[WhiteElo "2442"]
[BlackElo "2312"]
[TimeControl "180+2"]
[EndTime "13:25:13 PDT"]
[Termination "kacprekt won on time"]

1. e4 c6 2. d4 d5 3. exd5 cxd5 4. c4 Nf6 5. Nc3 Nc6 6. Nf3 Bg4 7. cxd5 Nxd5 8. Qb3 Bxf3 9. gxf3 e6 10. Qxb7 Nxd4 11. Bb5+ Nxb5 12. Qc6+ Ke7 13. Qxb5 Qd7 14. Nxd5+ Qxd5 15. Qxd5 exd5 16. Be3 Ke6 17. O-O-O Bb4 18. a3 Rhc8+ 19.
Kb1 Bc5 20. Rhe1 Bxe3 21. fxe3 Rc4 22. Rg1 g6 23. Rc1 Rac8 24. Rxc4 Rxc4 25. Rc1 Rh4 26. Rc6+ Ke5 27. Rc7 a5 28. Rxf7 Rxh2 29. Re7+ Kd6 30. Ra7 Re2 31. Ra6+ Ke5 32. Rxa5 Rxe3 33. Ra7 h5 34. a4 Rxf3 35. a5 Kd4 36. a6 Kc5 37. Rg7 Rf6 38. a7 Ra6 39. Rxg6 Rxa7 40. Rh6 Rg7 41. Rxh5 Rg2 42. b4+ Kc4 43. b5 Rg6 44.
Kc2 Rb6 45. Rh4+ Kc5 46. Kd3 Rxb5 47. Rh8 Rb3+ 48. Kd2 Rg3 49. Rc8+ Kd4 50. Re8 Rg2+ 51.
Ke1 Kd3 52. Rd8 d4 53. Kf1 Ra2 54. Rh8 Ra1+ 55. Kf2 Rd1 56. Rc8 Kd2 57. Rd8 d3 58.
Rc8 Rc1 0-1

[Event "*** Titled Tuesday Blitz"]
[Site "Chess.com"]
[Date "2019.05.07"]
[Round "2"]
[White "IakovUlivar"]
[Black "platy3"]
[Result "0-1"]
[WhiteElo "2543"]
[BlackElo "2764"]
[TimeControl "180+2"]
[EndTime "13:25:15 PDT"]
[Termination "platy3 won on time"]

1. e4 c5 2. Nc3 a6 3. g3 Nc6 4. Bg2 g6 5. d3 Bg7 6. Be3 Nd4 7. Qd2 e6 8. Nce2 Ne7 9. c3 Nxe2 10. Nxe2 d6 11. O-O O-O 12. d4 cxd4 13. cxd4 d5 14. e5 Bd7 15. Rfe1 Qb6 16. Rac1 Rfc8 17. Rxc8+ Rxc8 18.
Rc1 Nf5 19. Rxc8+ Bxc8 20. Bg5 h6 21. Bf6 Bxf6 22. exf6 Qd8 23. g4 Nd6 24. Qf4 Ne8 25.
Qxh6 Qxf6 26. Qf4 Qe7 27. Qd2 Qc7 28. Qc3 Bd7 29. Qxc7 Nxc7 30. Nc3 b5 31. b4 Kf8 32.
Kf1 Ke7 33. f4 Ne8 34. Ke2 Nf6 35. Bf3 Kd6 36. g5 Ne8 37. Ke3 Ke7 38. Be2 Nd6 39. Bd3 Bc6 40. Ne2 Kd8 41. Ng1 Kc7 42. Nf3 Kb6 43.
Ne5 Be8 44. Kd2 a5 45. a3 Nc8 46. Be2 Ne7 47. Bd3 Nc8 48. h4 Nd6 49. Ke3 Nc4+ 50.
Bxc4 bxc4 51. Kd2 Kb5 52. Kc3 Ka4 53. bxa5 Kxa5 54. Ng4 Ka4 55. Nf6 Bc6 56. h5 gxh5 57.
Nxh5 Kxa3 58. Nf6 Ka2 59. Ng4 Kb1 60. Ne3 Kc1 61. f5 exf5 62. Nxf5 Bd7 63. Ne7 Be6 64. g6 f5 65. g7 f4 0-1

[Event "*** Titled Tuesday Blitz"]
[Site "Chess.com"]
[Date "2019.05.07"]
[Round "2"]
[White "albi1999"]
[Black "adriangschnitzer"]
[Result "1/2-1/2"]
[WhiteElo "2521"]
[BlackElo "2424"]
[TimeControl "180+2"]
[EndTime "13:25:15 PDT"]
[Termination "Game drawn by repetition"]

1. d4 Nf6 2. c4 c5 3. d5 b5 4.
cxb5 a6 5. bxa6 g6 6. Nc3 Bg7 7.
e4 O-O 8. Nf3 Qa5 9. Bd2 Qb4 10.
Qc2 Bxa6 11. Bxa6 Nxa6 12. O-O Rfb8 13. Rfb1 d6 14. h3 Nd7 15. a4 Qb3 16. Ne1 Bd4 17.
Nb5 Qxc2 18. Nxc2 Bg7 19. Ra3 Ne5 20. b3 Nb4 21. Nxb4 cxb4 22. Raa1 Nd3 23. Nc7 Ra7 24. Nb5 Ra5 25. Na3 Bxa1 26. Nc4 Rc5 27. Rxa1 Ne5 28. Be3 Rc7 29. Nxe5 dxe5 30. a5 Rc3 31. a6 Rxb3 32. a7 Ra8 33. Ra5 Ra3 34. Rb5 R3xa7 35. Bxa7 Rxa7 36.
Rxb4 Kg7 37. Kh2 f6 38. Kg3 h5 39. h4 Kf7 40. f3 Ra2 41. Rb7 Ra6 42. Rc7 Rb6 43.
Rd7 Ra6 44. Rc7 Rb6 45. Kh3 Ra6 46. g4 hxg4+ 47. Kxg4 Rb6 48. h5 gxh5+ 49. Kxh5 Ra6 50. Kg4 Rb6 51. Rc6 Rb7 52. d6 exd6 53. Rxd6 Ke7 54. Ra6 Rb3 55. Ra7+ Ke6 56. Ra6+ Ke7 57. f4 exf4 58.
Kxf4 Rb4 59. Ra5 Ke6 60. Ra6+ Ke7 61. Ra7+ Ke6 62. Ra6+ Ke7 63. Ra7+ Ke6 64. Ra6+ 1/2-1/2

[Event "*** Titled Tuesday Blitz"]
[Site "Chess.com"]
[Date "2019.05.07"]
[Round "2"]
[White "Jahonas"]
[Black "BasilSmash"]
[Result "0-1"]
[WhiteElo "2287"]
[BlackElo "2493"]
[TimeControl "180+2"]
[EndTime "13:25:22 PDT"]
[Termination "BasilSmash won by resignation"]

1. d4 d5 2. Nf3 Nf6 3. c4 e6 4. Nc3 Be7 5. Bf4 O-O 6. e3 b6 7. cxd5 Nxd5 8. Nxd5 Qxd5 9. a3 c5 10. Be2 Ba6 11. dxc5 Qxc5 12. O-O Rd8 13. Qe1 Bb7 14. b4 Qd5 15. Rd1 Qb3 16. Rxd8+ Bxd8 17. Bxb8 Rxb8 18.
Qd2 Qd5 19. Rd1 Bf6 20. Qxd5 Bxd5 21. Ba6 Bb2 22. a4 Ba3 23. b5 Bc5 24. Nd4 Rd8 25.
Nxe6 fxe6 26. e4 Rf8 27. exd5 Rxf2 28. Kh1 exd5 29. g3 d4 30. Bb7 Kf7 31. Bd5+ Kf6 32. Bc4 h6 33. Bd3 Bb4 34. Kg1 Ra2 35. Rf1+ Ke7 36. Bc4 Rxa4 37. Rf7+ Kd6 38. Rxg7 Bc5 39. Bd3 Ra3 40. Rg6+ Ke5 41. Bf1 d3+ 42. Kg2 Ra2+ 43. Kh3 d2 44. Be2 Ra1 45. Rxh6 Re1 46. Bg4 d1=Q 47.
Bxd1 Rxd1 48. Rh7 Rb1 49. Rxa7 Rxb5 50. Kg4 Rb3 51. Rd7 b5 52. Rb7 b4 53. h4 Bf2 54.
Kh5 Bxg3 55. Rb5+ Kd4 56. Kg4 Bxh4 57. Kxh4 Kc4 0-1

[Event "*** Titled Tuesday Blitz"]
[Site "Chess.com"]
[Date "2019.05.07"]
[Round "2"]
[White "norwaytoadog"]
[Black "VFernandezB"]
[Result "0-1"]
[WhiteElo "2239"]
[BlackElo "2357"]
[TimeControl "180+2"]
[EndTime "13:25:24 PDT"]
[Termination "VFernandezB won by checkmate"]

1. e4 c5 2. Nf3 d6 3. Bb5+ Nd7 4. d4 cxd4 5. Qxd4 a6 6. Bxd7+ Bxd7 7. c4 e5 8. Qd3 h6 9. Nc3 Rc8 10. O-O Nf6 11.
b3 Qc7 12. Ba3 b5 13. Nd2 Be6 14. Nd5 Bxd5 15. cxd5 Qc2 16. Qe2 Qc7 17. Bb4 Qb7 18. Rac1 Be7 19. Rfd1 O-O 20. Nf1 Rxc1 21. Rxc1 Rc8 22.
Rxc8+ Qxc8 23. Ng3 Qc1+ 24. Qe1 Qxe1+ 25. Bxe1 g6 26. Ba5 Kf8 27. Kf1 Ke8 28. Ke2 Bd8 29.
Bb4 Kd7 30. a4 Bb6 31. a5 Bd4 32. f3 Nh7 33. Bd2 h5 34. b4 Nf6 35. Kd3 h4 36.
Ne2 Bf2 37. Nc3 Nh5 38. Nd1 Bg1 39. Bg5 h3 40. gxh3 Bxh2 41. Bd2 Bf4 42. Ne3 Bg5 43.
Ng2 Bxd2 44. Kxd2 Ke7 45. Ke2 Kf6 46. Kf2 Kg5 47. Ne3 Nf4 48. Nc4 Nd3+ 49. Ke3 bxc4 50. b5 Nc5 51. b6 c3 52. Ke2 Kf4 53. Kd1 Kxf3 54. Kc2 Kxe4 55. Kxc3 Kxd5 56. Kb4 Nb7 57. Ka4 Kc5 58. h4 e4 59. h5 gxh5 60. Ka3 h4 61. Ka2 h3 62. Ka3 h2 63. Ka2 h1=Q 64. Ka3 Kc4 65. Ka2 Kc3 66. Ka3 Qa1# 0-1